 Dungeon Crawl Stone Soup version 0.17.1-1-g73c8601 (webtiles) character file.

27484 Implojin the Brawler (level 13, -2/133 HPs)
             Began as a Troll Fighter on Apr 9, 2016.
             Was a High Priest of Okawaru.
             Killed by the raging water
             ... invoked by a water nymph
              (27 damage)
             ... on level 1 of the Shoals.
             The game lasted 00:30:59 (3917 turns).

Implojin the Brawler (Troll Fighter)                Turns: 3917, Time: 00:30:59

Health: -2/133     AC:  7    Str: 32    XL:     13   Next: 4%
Magic:  18/19      EV: 11    Int:  4    God:    Okawaru [*****.]
Gold:   49         SH: 18    Dex: 13    Spells: 0 memorised, 12 levels left

rFire  . . .     SeeInvis .       - Unarmed
rCold  . . .     Clarity  .     v - +0 troll leather armour
rNeg   . . .     SustAt   .     B - -1 large shield (curse)
rPois  .         Gourm    +     (helmet restricted)
rElec  .         Spirit   .     (no cloak)
rCorr  .         Warding  .     (gloves unavailable)
rMut   .         Stasis   .     (boots unavailable)
MR     ++...                    N - amulet of faith
Stlth  ++........               I - ring of protection from magic
                                D - ring of protection from magic

@: mighty, heroism, finesse, engulfed (cannot breathe), mesmerised, very
resistant to hostile enchantments, unstealthy
A: unfitting armour, claws 3, fast metabolism 3, gourmand, regeneration 2,
shaggy fur 1, tough skin 2
a: Heroism, Finesse, Renounce Religion


You were on level 1 of the Shoals.
You worshipped Okawaru.
Okawaru was extremely pleased with you.
You were full.

You visited 4 branches of the dungeon, and saw 21 of its levels.
You also visited: Ossuary.

You collected 49 gold pieces.

Inventory:

Hand Weapons
 n - a +2 flail of holy wrath
 s - a +2 morningstar
Missiles
 p - 5 tomahawks (quivered)
Armour
 a - a +0 robe
 v - a +0 troll leather armour (worn)
 B - a cursed -1 large shield (worn)
Jewellery
 q - an uncursed amulet of rage
 D - a ring of protection from magic (left claw)
 I - a ring of protection from magic (right claw)
 N - an amulet of faith (around neck)
Wands
 c - a wand of paralysis (9)
 f - a wand of heal wounds (0)
 j - a wand of draining (7)
 t - a wand of digging (3)
 y - a wand of teleportation (3)
 E - a wand of flame (21)
 H - a wand of lightning (6)
 J - a wand of polymorph (9)
Scrolls
 h - 3 scrolls of teleportation
 i - 2 scrolls of remove curse
 r - a scroll of enchant armour
 L - a scroll of recharging
Potions
 e - a potion of degeneration
 g - 5 potions of curing
 k - a potion of resistance
 l - a potion of agility
 m - a potion of heal wounds {unknown}
 o - 2 potions of brilliance
 w - 3 potions of cancellation
 z - a potion of ambrosia {unknown}
 C - 2 potions of flight {unknown}
 G - a potion of lignification {unknown}
Books
 F - a book of Power

   Spells                             Type                      Level
   a - Fulminant Prism                Conjuration/Hexes            4
   b - Iskenderun's Mystic Blast      Conjuration                  4
   c - Venom Bolt                     Conjuration/Poison           5
   d - Bolt of Magma                  Conjuration/Fire/Earth       5
   e - Iron Shot                      Conjuration/Earth            6
   f - Orb of Destruction             Conjuration                  7
   g - Spellforged Servitor           Conjuration/Summoning        7
 K - a book of Fire

   Spells                             Type                      Level
   a - Ignite Poison                  Fire/Transmutation/Poison    3
   b - Fireball                       Conjuration/Fire             5
   c - Bolt of Fire                   Conjuration/Fire             6
   d - Delayed Fireball               Conjuration/Fire             7
   e - Ring of Flames                 Charms/Fire                  7
Comestibles
 d - 6 bread rations
 u - 2 meat rations
 x - 3 beef jerkies


   Skills:
 * Level 10.1(15.1) Fighting
 - Level 2.4(7.4) Dodging
 - Level 4.3(9.3) Shields
 - Level 15.0(20.0) Unarmed Combat
 - Level 9.4 Invocations


You had 12 spell levels left.
You didn't know any spells.

Dungeon Overview and Level Annotations

Branches:
Dungeon (10/15)            Temple (1/1) D:5            Lair (8/8) D:9
 Shoals (2/4) Lair:3       Spider (0/4) Lair:4
  Slime: Lair:6-8       Orc: D:9-12

Altars:
Ashenzari
Elyvilon
Gozag
Kikubaaqudgha
Nemelex Xobeh
Okawaru
Qazlal

Annotations:
D:4 exclusion: upstairs
Lair:3 exclusion: downstairs
Lair:8 exclusion: oklob plant, Nessos


Innate Abilities, Weirdness & Mutations

You are too large for most types of armour.
You have claws for hands.
Your metabolism is lightning-fast.
You like to eat raw meat.
You heal very quickly.
You are covered in fur (AC +1).
You have very tough skin (AC +2).


Message History

The merfolk aquamancer barely misses you. 2 sirens come into view.
Unknown command.
Evoke which item? (* to show all) (? for menu, Esc to quit)
Zapping:
f - a wand of heal wounds (2)
Press: ? - help, Shift-Dir - straight line, f - you You feel much better.
This wand has 1 charge left.
The siren shouts!
* * * LOW HITPOINT WARNING * * *
Your lungs strain for air!
The water nymph gestures at you while chanting.
The water swirls and strikes you!
* * * LOW HITPOINT WARNING * * *
You block the water elemental's attack.
The merfolk aquamancer gestures at you while chanting.
The great wave of water misses you.
The wave splashes down.
A faun comes into view. It is wielding a quarterstaff.
The faun shouts!
Unknown command.
Read which item? (? for menu, Esc to quit)
Okay, then.
Drink which item? (? for menu, Esc to quit)
You feel very mighty all of a sudden.
* * * LOW HITPOINT WARNING * * *
Your lungs strain for air!
You block the water elemental's attack.
The siren chants a haunting song.
You are mesmerised by the siren!
You block the merfolk aquamancer's attack.
A faun comes into view. It is wielding a spear.
Unknown command.
Evoke which item? (* to show all) (? for menu, Esc to quit)
Zapping:
f - a wand of heal wounds (1)
Press: ? - help, Shift-Dir - straight line, f - you You feel much better.
This wand has 0 charges left.
* * * LOW HITPOINT WARNING * * *
Your lungs strain for air!
The water nymph gestures at you while chanting.
The water swirls and strikes you!
You die...

## ##.≈..#........≈≈≈≈≈
.###.≈.......≈≈≈≈≈≈≈≈≈≈≈≈
............≈#..≈≈....≈≈≈
###........m#..≈≈≈≈≈...≈≈
# ###....≈≈#...≈m≈≈≈≈...≈
.####.....##..≈≈≈≈≈≈≈≈..≈
..........#♣[≈≈≈≈≈≈≈≈≈...
..........#♣.≈≈≈≈E≈≈≈≈...
.....###..#♣≈≈≈≈@m≈≈≈≈...
.....###..#♣≈≈≈≈≈k≈≈≈#...
..≈...#..≈#♣.≈≈≈≈≈≈≈≈#
≈≈......≈≈.♣..≈≈≈≈≈≈♣...
≈≈≈........♣..#≈≈≈≈♣♣ .c≈
≈≈P......≈≈#♣..###... c≈
P≈≈≈≈P...≈≈≈♣.. .♣♣. ≈
≈≈≈≈≈......≈##. #.
≈≈≈≈≈...≈≈≈≈≈#


You could see a merfolk aquamancer, a wind drake, 2 fauns, a water nymph, a
water elemental and a siren.

Vanquished Creatures
  A fire dragon (Lair:8)
  A hydra (Lair:8)
  4 death yaks (Lair:7)
  A sea snake (Shoals:1)
  5 harpies (Shoals:1)
  A water nymph (Shoals:1)
  3 griffons
  3 sirens
  3 black mambas
  3 fauns (Shoals:1)
  Psyche (D:9)
  6 komodo dragons
  A demonic crawler (Lair:4)
  3 spiny frogs
  A fire drake (Lair:8)
  A troll (D:10)
  A merfolk (Lair:3)
  A polar bear (Lair:4)
  11 blink frogs
  25 yaks
  2 water elementals (Shoals:1)
  3 hippogriffs
  A steam dragon (Lair:8)
  A basilisk (Lair:8)
  2 mottled dragons (Lair:8)
  A wolf (Lair:4)
  Edmund (D:4)
  8 water moccasins
  3 ice beasts
  6 porcupines
  2 ogres
  2 orc warriors (D:6)
  3 swamp drakes (Lair:8)
  2 black bears
  A phantom (D:5)
  11 crocodiles
  7 giant frogs
  A centaur (D:5)
  A scorpion (Lair:4)
  8 wights
  An electric eel (Lair:3)
  A bog body (Ossuary)
  A crimson imp (D:5)
  A centaur zombie (Ossuary)
  A centaur skeleton (D:10)
  A hound (D:7)
  9 iguanas
  An orc wizard (D:6)
  7 worker ants
  2 killer bee zombies (Ossuary)
  18 sheep
  4 mummies (Ossuary)
  A worker ant zombie (Ossuary)
  A hound skeleton (D:6)
  Robin (D:2)
  18 river rats
  3 adders
  A shadow imp (D:5)
  A worm (Lair:4)
  10 orcs
  A giant cockroach (Lair:4)
  5 hobgoblins (D:3)
  8 jackals
  2 quokkas
  A ball python (D:3)
  2 giant newts
  3 goblins
  3 kobolds
  A rat (D:1)
  A fungus (Lair:8)
  2 plants
254 creatures vanquished.

Vanquished Creatures (others)
  2 fungi
  5 plants
7 creatures vanquished.

Grand Total: 261 creatures vanquished

Notes
Turn   | Place    | Note
--------------------------------------------------------------
     0 | D:1      | Implojin the Troll Fighter began the quest for the Orb.
     0 | D:1      | Reached XP level 1. HP: 22/22 MP: 0/0
   185 | D:2      | Noticed Robin
   215 | D:3      | Reached XP level 2. HP: 17/29 MP: 1/1
   234 | D:3      | Reached skill level 3 in Unarmed Combat
   263 | D:2      | Killed Robin
   263 | D:2      | Reached XP level 3. HP: 9/36 MP: 2/2
   310 | D:3      | Found an opulent altar of Gozag.
   386 | D:4      | Found a sparkling altar of Nemelex Xobeh.
   443 | D:4      | Noticed a phantom
   454 | D:4      | Found a sand-covered staircase.
   463 | Ossuary  | Entered an ossuary
   478 | Ossuary  | Reached skill level 4 in Unarmed Combat
   480 | Ossuary  | Reached XP level 4. HP: 41/44 MP: 3/3
   494 | Ossuary  | Reached skill level 5 in Unarmed Combat
   494 | Ossuary  | Reached XP level 5. HP: 13/50 MP: 4/4
   545 | D:5      | Entered Level 5 of the Dungeon
   620 | D:4      | Noticed an ogre
   622 | D:4      | Noticed Edmund
   634 | D:5      | Killed an ogre
   634 | D:5      | Reached skill level 6 in Unarmed Combat
   634 | D:5      | Reached XP level 6. HP: 40/59 MP: 5/5
   658 | D:4      | Killed Edmund
   658 | D:4      | Reached skill level 7 in Unarmed Combat
   673 | D:5      | Noticed a centaur
   682 | D:5      | Killed a centaur
   707 | D:5      | Reached XP level 7. HP: 21/66 MP: 6/6
   716 | D:5      | Killed a phantom
   716 | D:5      | Reached skill level 8 in Unarmed Combat
   734 | D:5      | Found a staircase to the Ecumenical Temple.
   745 | Temple   | Entered the Ecumenical Temple
   800 | Temple   | Became a worshipper of Warmaster Okawaru
   840 | D:5      | Noticed an ice beast
   853 | D:5      | Killed an ice beast
   926 | D:5      | Noticed a phantom
   947 | D:6      | Reached skill level 9 in Unarmed Combat
  1109 | D:6      | Reached XP level 8. HP: 49/74 MP: 7/7
  1127 | D:6      | Reached * piety under Okawaru
  1209 | D:7      | Reached skill level 10 in Unarmed Combat
  1286 | D:9      | Reached skill level 11 in Unarmed Combat
  1288 | D:9      | Reached ** piety under Okawaru
  1398 | D:9      | Reached XP level 9. HP: 80/80 MP: 5/8
  1411 | D:9      | Noticed Psyche
  1429 | D:9      | Killed Psyche
  1429 | D:9      | Reached skill level 12 in Unarmed Combat
  1450 | D:10     | Entered Level 10 of the Dungeon
  1532 | D:10     | Reached *** piety under Okawaru
  1532 | D:10     | Reached skill level 13 in Unarmed Combat
  1542 | D:9      | Found a staircase to the Lair.
  1543 | D:9      | Noticed a komodo dragon
  1563 | D:9      | Killed a komodo dragon
  1567 | Lair:1   | Entered Level 1 of the Lair of Beasts
  1569 | Lair:1   | Noticed a black mamba
  1571 | Lair:1   | Noticed a spiny frog
  1579 | Lair:1   | Killed a spiny frog
  1638 | Lair:1   | Reached XP level 10. HP: 48/88 MP: 6/9
  1640 | Lair:1   | Reached **** piety under Okawaru
  1640 | Lair:1   | Reached skill level 14 in Unarmed Combat
  1646 | Lair:1   | Killed a black mamba
  1818 | Lair:1   | Reached skill level 15 in Unarmed Combat
  1856 | Lair:2   | Reached skill level 3 in Fighting
  1994 | Lair:3   | Reached skill level 4 in Fighting
  2019 | Lair:3   | Reached skill level 5 in Fighting
  2064 | Lair:3   | Found a staircase to the Shoals.
  2064 | Lair:3   | Noticed a siren
  2071 | Lair:3   | Killed a siren
  2080 | Lair:3   | Reached skill level 6 in Fighting
  2080 | Lair:3   | Reached XP level 11. HP: 56/105 MP: 10/10
  2088 | Lair:3   | Reached ***** piety under Okawaru
  2150 | Lair:3   | Reached skill level 7 in Fighting
  2314 | Lair:4   | Found a hole to the Spider Nest.
  2332 | Lair:4   | Reached skill level 8 in Fighting
  2539 | Lair:7   | Noticed a death yak
  2539 | Lair:7   | Noticed a death yak
  2539 | Lair:7   | Noticed a death yak
  2539 | Lair:7   | Noticed a death yak
  2548 | Lair:7   | Killed a death yak
  2548 | Lair:7   | Reached skill level 2 in Invocations
  2557 | Lair:7   | Killed a death yak
  2557 | Lair:7   | Reached skill level 3 in Invocations
  2566 | Lair:7   | Killed a death yak
  2566 | Lair:7   | Reached skill level 4 in Invocations
  2573 | Lair:7   | Killed a death yak
  2573 | Lair:7   | Reached skill level 5 in Invocations
  2600 | Lair:8   | Entered Level 8 of the Lair of Beasts
  2657 | Lair:8   | Noticed an eight-headed hydra
  2711 | Lair:7   | Received a gift from Okawaru
  2716 | Lair:7   | Reached skill level 6 in Invocations
  2723 | Lair:7   | Reached XP level 12. HP: 118/122 MP: 15/15
  2867 | Lair:8   | Noticed a catoblepas
  2974 | Lair:8   | Reached skill level 7 in Invocations
  3126 | Lair:8   | Noticed a fire dragon
  3128 | Lair:8   | Reached skill level 8 in Invocations
  3136 | Lair:8   | Killed a fire dragon
  3136 | Lair:8   | Received a gift from Okawaru
  3298 | Lair:8   | Reached skill level 9 in Invocations
  3309 | Lair:8   | Killed an eight-headed hydra
  3331 | Lair:8   | Reached skill level 3 in Shields
  3350 | Lair:8   | Noticed Nessos
  3636 | Shoals:1 | Entered Level 1 of the Shoals
  3653 | Shoals:1 | Reached skill level 4 in Shields
  3739 | Shoals:1 | Reached skill level 9 in Fighting
  3828 | Shoals:1 | Reached skill level 10 in Fighting
  3828 | Shoals:1 | Reached XP level 13. HP: 24/133 MP: 14/19
  3898 | Shoals:1 | Noticed a merfolk aquamancer
  3917 | Shoals:1 | Killed from afar by a water nymph

Action                   |  1- 3 |  4- 6 |  7- 9 | 10-12 | 13-15 || total
-------------------------+-------+-------+-------+-------+-------++-------
Melee: Unarmed           |    57 |    68 |   195 |   497 |    14 ||   831
       Morningstar       |       |       |       |     6 |       ||     6
Throw: Tomahawk          |       |       |       |     9 |       ||     9
Invok: Heroism           |       |       |     7 |    27 |     1 ||    35
       Finesse           |       |       |       |     4 |     1 ||     5
Evoke: Wand              |       |       |       |     3 |     5 ||     8
  Use: Potion            |     1 |     1 |     1 |       |     1 ||     4
       Scroll            |       |       |       |    16 |       ||    16
 Stab: Sleeping          |       |       |       |     2 |       ||     2
  Eat: Chunk             |     8 |     2 |    12 |    23 |       ||    45

Table legend:
 A = Turns spent in this place as a percentage of turns spent in the entire game.
 B = Non-inter-level travel turns spent in this place as a percentage of non-inter-level travel turns spent in the entire game.
 C = Inter-level travel turns spent in this place as a percentage of turns spent in this place.
 D = Turns resting spent in this place as a percentage of non-inter-level travel turns spent in this place.
 E = Turns spent auto-exploring this place as a percentage of non-inter-level travel turns spent in this place.
 F = Non-inter-level travel turns spent in this place divided by the number of levels of this place that you've seen.
                   A       B       C       D       E      F
               +-------+-------+-------+-------+-------+----------------------
         Total | 100.0 | 100.0 |   0.0 |   0.0 |   0.0 | 176.2
       Dungeon |  36.3 |  36.3 |   0.0 |   0.0 |   0.0 | 140.9
        Temple |   2.0 |   2.0 |   0.0 |   0.0 |   0.0 |  76.0
          Lair |  52.6 |  52.6 |   0.0 |   0.0 |   0.0 | 254.8
        Shoals |   7.7 |   7.7 |   0.0 |   0.0 |   0.0 | 149.0
       Ossuary |   1.4 |   1.4 |   0.0 |   0.0 |   0.0 |  56.0
               +-------+-------+-------+-------+-------+----------------------

Table legend:
 A = Kills in this place as a percentage of kills in entire the game.
 B = Kills by you in this place as a percentage of kills by you in the entire game.
 C = Kills by friends in this place as a percentage of kills by friends in the entire game.
 D = Other kills in this place as a percentage of other kills in the entire game.
 E = Experience gained in this place as a percentage of experience gained in the entire game.
 F = Experience gained in this place divided by the number of levels of this place that you have seen.
                   A       B       C       D       E      F
               +-------+-------+-------+-------+-------+----------------------
         Total | 100.0 | 100.0 |  -nan |  -nan | 100.0 | 1784.7
       Dungeon |  30.3 |  30.3 |  -nan |  -nan |  11.1 | 435.4
          Lair |  60.2 |  60.2 |  -nan |  -nan |  68.7 | 3370.5
        Shoals |   6.0 |   6.0 |  -nan |  -nan |  19.6 | 3851.5
       Ossuary |   3.6 |   3.6 |  -nan |  -nan |   0.6 | 242.0
               +-------+-------+-------+-------+-------+----------------------
